 Dungeon Crawl Stone Soup version 0.23.2-1-ga50397a6bc (webtiles) character file.

Game seed: 8037390521314654011

113840 Elric the Severer (level 16, -32/155 HPs)
             Began as a Minotaur Fighter on May 8, 2019.
             Was the Champion of Makhleb.
             Killed from afar by a blizzard demon (36 damage)
             ... with a bolt of lightning
             ... summoned by the player character
             ... on level 2 of the Spider Nest.
             The game lasted 00:57:17 (25654 turns).

Elric the Severer (Minotaur Fighter)               Turns: 25654, Time: 00:57:18

Health: -32/155    AC: 23    Str: 26    XL:     16   Next: 15%
Magic:  23/23      EV: 14    Int: 10    God:    Makhleb [******]
Gold:   1581       SH: 15    Dex: 12    Spells: 15/15 levels left

rFire    . . .     SeeInvis .   v - +6 broad axe (protect)
rCold    . . .     Gourm    .   I - +1 shield {reflect}
rNeg     . . .     Faith    .   Q - +0 swamp dragon scales
rPois    +         Spirit   .   l - +2 hat {Int+3}
rElec    .         Reflect  +   s - +2 cloak {MR+}
rCorr    .         Harm     .   P - +0 pair of gloves
MR       ++...                  (no boots)
Stlth    +.........             e - amulet of regeneration
HPRegen  0.75/turn              V - +4 ring of evasion
MPRegen  0.18/turn              a - +1 ring of protection

@: about to teleport, protection aura, very slightly contaminated
A: retaliatory headbutt, horns 2, clever 1
a: Minor Destruction, Lesser Servant of Makhleb, Major Destruction, Greater
Servant of Makhleb, Renounce Religion


You were on level 2 of the Spider Nest.
You worshipped Makhleb.
Makhleb was exalted by your worship.
You were very hungry.

You visited 3 branches of the dungeon, and saw 23 of its levels.
You also visited: Ossuary.

You collected 1581 gold pieces.

Inventory:

Hand Weapons
 v - a +6 broad axe of protection (weapon)
 D - a +1 war axe
 S - the +8 hand axe "Laosypur" {chop, +Rage rElec Dex+4}
   (You acquired it on level 4 of the Lair of Beasts)

   It inflicts extra damage upon your enemies.
   It affects your dexterity (+4).
   It insulates you from electricity.
   It lets you go berserk.
Armour
 l - a +2 hat of intelligence (worn)
 s - a +2 cloak of magic resistance (worn)
 E - a +0 plate armour
 I - a +1 shield of reflection (worn)
 P - a +0 pair of gloves (worn)
 Q - +0 swamp dragon scales (worn)
 R - +0 storm dragon scales
Jewellery
 a - a +1 ring of protection (right hand)
 e - an amulet of regeneration (around neck)
 B - an uncursed ring of resist corrosion
 V - a +4 ring of evasion (left hand)
Wands
 b - a wand of paralysis (3)
 y - a wand of digging (6)
 z - a wand of polymorph (12)
 G - a wand of iceblast (17)
 H - a wand of flame (77)
 J - a wand of acid (26)
 N - a wand of clouds (3)
 U - a wand of disintegration (8)
 W - a wand of random effects (12)
Scrolls
 g - 7 scrolls of identify
 h - a scroll of enchant armour
 i - 3 scrolls of enchant weapon
 k - 12 scrolls of remove curse
 o - 10 scrolls of teleportation
 q - 4 scrolls of immolation
 r - 5 scrolls of amnesia
 u - 2 scrolls of magic mapping
 w - 3 scrolls of fog
 F - a scroll of fear
 T - 3 scrolls of vulnerability
 Z - a scroll of blinking
Potions
 d - 2 potions of might
 j - 20 potions of curing
 m - 5 potions of lignification
 n - 5 potions of heal wounds
 p - 5 potions of flight
 t - 3 potions of degeneration
 x - 4 potions of brilliance
 A - 3 potions of mutation
 K - a potion of agility
 L - a potion of cancellation
 M - 2 potions of haste
 O - 2 potions of berserk rage
 X - a potion of magic
Miscellaneous
 Y - a phial of floods
Comestibles
 f - 36 rations


   Skills:
 + Level 17.2 Fighting
 + Level 20.1 Axes
 - Level 6.1 Armour
 + Level 14.8 Shields
 + Level 11.9 Invocations


You had 15 spell levels left.
You didn't know any spells.
Your spell library contained the following spells:

 Spells                   Type           Power        Failure   Level  Hunger
 Animate Skeleton         Necr           N/A          50%         1    ##.....
 Apportation              Tloc           #.....       50%         1    ##.....
 Confusing Touch          Hex            #.....       50%         1    ##.....
 Magic Dart               Conj           #...         50%         1    ##.....
 Sting                    Conj/Pois      #...         50%         1    ##.....
 Summon Small Mammal      Summ           #...         50%         1    ##.....
 Blink                    Tloc           N/A          63%         2    ###....
 Call Imp                 Summ           #.......     63%         2    ###....
 Corpse Rot               Necr           N/A          63%         2    ###....
 Poisonous Vapours        Pois/Air       #.....       63%         2    ###....
 Slow                     Hex            #.......     63%         2    ###....
 Sublimation of Blood     Necr           #.........   63%         2    ###....
 Conjure Flame            Conj/Fire      #.......     86%         3    ####...
 Mephitic Cloud           Conj/Pois/Air  #.......     86%         3    ####...
 Olgreb's Toxic Radiance  Pois           #.......     99%         4    #####..
 Agony                    Necr           #.......     100%        5    ######.
 Bolt of Draining         Conj/Necr      #.........   100%        5    ######.
 Dispel Undead            Necr           #.......     100%        5    ######.
 Excruciating Wounds      Chrm/Necr      #.........   100%        5    ######.
 Venom Bolt               Conj/Pois      #.........   100%        5    ######.


Dungeon Overview and Level Annotations

Branches:
Dungeon (15/15)            Temple (0/1) D:7            Lair (6/6) D:10
 Shoals (0/4) Lair:3       Spider (2/4) Lair:2        Slime (0/5) Lair:6
    Orc (0/2) D:9          Vaults (0/5) D:14         Depths (0/5) D:15

Altars:
Dithmenos
Elyvilon
Fedhas
Makhleb
Qazlal
Sif Muna
The Shining One

Shops:
D:5 *   D:6 *   D:7 }   D:8 *   D:11 :

Portals:
Trove: D:14 (give +4 demon blade)

Annotations:
D:7 3 runed translucent doors, Revguard's ghost, novice HOFi
D:8 1 runed translucent door, dracomuter's ghost, novice TeVM
Lair:5 3 runed translucent doors, Jeban's ghost, journeyman OpFi
Lair:6 1 runed translucent door, exclusion: 4 oklob plants
Spider:2 Donald


Innate Abilities, Weirdness & Mutations

You reflexively headbutt those who attack you in melee.
You have a pair of horns on your head.
Your mind is acute. (Int +2)


Message History

Donald hits you with a +0 broad axe of chopping!!
* * * LOW HITPOINT WARNING * * *
x2 Donald hits your hellwing with a +0 broad axe of chopping!
Your hellwing dies!
A demon appears!
It doesn't seem very happy.
Donald hits you with a +0 broad axe of chopping!
* * * LOW HITPOINT WARNING * * *
x2 Blink to where?
Press: ? - help, Dir - move target cursor You are very lightly contaminated with residual magic.
As you read the scroll of blinking, it crumbles to dust.
The blizzard demon gestures at you.
Okay, then.
As you read the scroll of teleportation, it crumbles to dust.
You feel strangely unstable.
Donald says, "I hate demons."
The blizzard demon gestures at you. The bolt of lightning hits you!!!
You die...

#.....###...........
##...........#.......
#..........###....<..
##.....##..###.#.....
##....#####...###....
#....## #.###.####...
##.#.#####...#.######
#...#..###...#.####.
##.@.○[.###........#
#○☼°..^^###......#^
##○○○....#####.##...
#.○○○.....# ######.
#..........# #..
#.@........# #..
##..2......## ##.
#..........# ##
##.§.......# ###


You could see Donald and a blizzard demon.

Vanquished Creatures
  Arachne (Spider:2)
  Asterion (Spider:2)
  Kirke (Lair:2)
  Gastronok (Lair:1)
  An emperor scorpion (Spider:2)
  2 entropy weavers
  Nessos (D:14)
  Snorg (D:14)
  A fire dragon (Lair:6)
  A rakshasa (D:14)
  Harold (Lair:1)
  A hydra (Lair:2)
  6 two-headed ogres
  2 centaur warriors
  2 catoblepae
  Erica (D:10)
  9 death yaks
  Urug (D:10)
  Sonja (D:10)
  A swamp dragon (Lair:6)
  2 unseen horrors
  2 lindwurms (Lair:6)
  2 wizards (D:15)
  Pikel (D:6)
  2 harpies (D:13)
  A wolf spider zombie (D:15)
  5 orb spiders
  A necromancer (D:15)
  10 wolf spiders
  7 ugly things
  A moth of wrath (Spider:2)
  4 cyclopes
  2 manticores
  Joseph (D:7)
  2 naga magi (D:15)
  Maurice (D:10)
  12 elephants (Lair:5)
  6 black mambas
  11 spiny frogs
  2 gargoyles (D:11)
  2 molten gargoyles (Lair:5)
  6 torpor snails
  3 rime drakes
  A freezing wraith (D:15)
  8 komodo dragons
  2 centaur skeletons
  2 demonic crawlers (Spider:1)
  2 ice devils (Lair:1)
  4 polar bears
  3 trolls
  13 jumping spiders
  A queen bee (D:11)
  15 hornets
  3 tyrant leeches (Lair:6)
  13 blink frogs (Lair:6)
  6 dream sheep (Lair:6)
  9 hippogriffs
  12 tarantellas
  A spriggan (Lair:4)
  A wraith (D:13)
  27 redbacks
  3 shadows
  2 fire bats (Lair:5)
  A wyvern (D:10)
  16 humans (D:14)
  60 yaks
  6 basilisks
  3 hogs (Spider:1)
  3 steam dragons
  8 vampire mosquitoes
  Menkaure (Ossuary)
  An insubstantial wisp (Lair:2)
  A warg (shapeshifter) (D:14)
  4 acid dragons
  15 water moccasins
  3 swamp drakes
  8 porcupines
  6 orc warriors
  2 sky beasts
  2 hornet zombies (D:15)
  A phantom (D:9)
  2 black bears
  6 ice beasts
  2 ogres
  An eye of draining (D:10)
  13 wolves
  11 centaurs
  16 crocodiles
  2 big kobolds
  11 bullfrogs
  A gnoll sergeant (D:11)
  A wyvern zombie (D:9)
  3 scorpions
  19 killer bees
  8 wights (D:7)
  5 howler monkeys
  6 electric eels
  4 lava snakes
  6 crimson imps
  A bullfrog zombie (D:12)
  3 centaur zombies
  6 jellies
  A quasit (D:7)
  3 bullfrog skeletons
  7 orc priests
  7 hounds
  8 orc wizards
  10 iguanas
  10 worker ants
  A killer bee zombie (D:10)
  A hound zombie (D:9)
  3 mummies (Ossuary)
  A worker ant zombie (D:5)
  15 gnolls
  12 adders
  2 shadow imps
  7 oozes
  An adder zombie (D:5)
  2 adder skeletons (D:8)
  3 worms
  7 leopard geckos
  51 orcs
  6 giant cockroaches
  6 gnoll zombies (Ossuary)
  9 hobgoblins
  4 jackals (D:10)
  6 quokkas
  5 bats
  9 frilled lizards
  4 gnoll skeletons (Ossuary)
  9 goblins
  10 goblin skeletons (Ossuary)
  2 goblin zombies (Ossuary)
  2 hobgoblin skeletons (Ossuary)
  7 hobgoblin zombies (Ossuary)
  15 kobolds
  4 kobold skeletons (Ossuary)
  3 kobold zombies (Ossuary)
  A leopard gecko zombie (D:7)
  3 orc skeletons (Ossuary)
  5 orc zombies (Ossuary)
  3 rats
  2 rat skeletons (Ossuary)
  2 rat zombies (Ossuary)
  4 fungi
  4 plants
  A withered plant (D:13)
796 creatures vanquished.

Vanquished Creatures (collateral kills)
  Frances (D:14)
  Fannar (Lair:2)
  3 hydras
  A centaur warrior (D:14)
  A centaur skeleton (D:14)
  A redback (Spider:2)
  A basilisk (Lair:5)
  A vampire mosquito (D:14)
  A crocodile (Lair:6)
11 creatures vanquished.

Vanquished Creatures (others)
  A harpy (D:13)
  An orc knight (D:14)
  A redback (Spider:1)
  A wyvern (D:10)
  Blork the orc (D:6)
  A crimson imp (D:6)
  An adder (D:6)
  An orc (D:10)
  A giant cockroach (D:6)
  A fire vortex (Lair:5)
  2 fungi
  10 plants
22 creatures vanquished.

Grand Total: 829 creatures vanquished

Notes
Turn   | Place    | Note
-------+----------+-------------------------------------------
     0 | D:1      | Elric the Minotaur Fighter began the quest for the Orb.
     0 | D:1      | Reached XP level 1. HP: 19/19 MP: 0/0
    61 | D:1      | Reached skill level 3 in Axes
   106 | D:1      | Reached XP level 2. HP: 27/27 MP: 1/1
   299 | D:1      | Reached XP level 3. HP: 32/33 MP: 2/2
   672 | D:2      | Reached skill level 4 in Axes
  1126 | D:2      | Found a shadowy altar of Dithmenos.
  1410 | D:3      | Reached XP level 4. HP: 32/41 MP: 3/3
  1625 | D:3      | Found a white marble altar of Elyvilon.
  1770 | D:3      | Reached skill level 5 in Axes
  2151 | D:3      | Reached XP level 5. HP: 43/47 MP: 4/4
  2299 | D:3      | Reached skill level 5 in Fighting
  2888 | D:4      | Reached skill level 6 in Axes
  3239 | D:4      | Reached XP level 6. HP: 56/56 MP: 5/5
  3651 | D:5      | Entered Level 5 of the Dungeon
  3670 | D:5      | Found Kokhlod's General Store.
  3762 | D:5      | Reached skill level 7 in Axes
  3949 | D:5      | Reached XP level 7. HP: 63/63 MP: 6/6
  3958 | D:5      | Noticed a water elemental
  3960 | D:5      | Found a stormy altar of Qazlal.
  3961 | D:5      | Noticed a fire elemental
  3961 | D:5      | Noticed an air elemental
  4511 | D:6      | Noticed Pikel
  4536 | D:6      | Killed Pikel
  4536 | D:6      | Reached skill level 9 in Axes
  4536 | D:6      | Reached XP level 8. HP: 56/73 MP: 7/7
  4681 | D:6      | Killed Blork the orc
  4690 | D:6      | Found a burning altar of Makhleb.
  4693 | D:6      | Found Rucunyu's Profane Products.
  4700 | D:6      | Became a worshipper of Makhleb the Destroyer
  4779 | D:6      | Reached skill level 10 in Axes
  5206 | D:7      | Found a deep blue altar of Sif Muna.
  5231 | D:7      | Reached skill level 11 in Axes
  5412 | D:7      | Found a runed translucent gate.
  5413 | D:7      | Found a runed translucent gate.
  5414 | D:7      | Found a runed translucent gate.
  5414 | D:7      | Noticed Revguard's ghost (novice HOFi)
  5480 | D:7      | Found a staircase to the Ecumenical Temple.
  5481 | D:7      | Noticed Joseph
  5502 | D:7      | Killed Joseph
  5502 | D:7      | Reached XP level 9. HP: 33/83 MP: 8/8
  5862 | D:7      | Found Qatzischi's Gadget Shoppe.
  6166 | D:7      | Reached skill level 12 in Axes
  6729 | D:8      | Reached * piety under Makhleb
  6813 | D:8      | Found a runed translucent door.
  6813 | D:8      | Noticed dracomuter's ghost (novice TeVM)
  6818 | D:8      | Found a sand-covered staircase.
  6823 | Ossuary  | Entered an ossuary
  6907 | Ossuary  | Reached ** piety under Makhleb
  7064 | Ossuary  | Noticed Menkaure
  7073 | Ossuary  | Killed Menkaure
  7073 | Ossuary  | Reached skill level 10 in Fighting
  7160 | D:8      | Noticed a two-headed ogre
  7167 | D:8      | Killed a two-headed ogre
  7167 | D:8      | Reached skill level 13 in Axes
  7331 | D:8      | Paralysed by a hornet for 1 turns
  7331 | D:8      | Noticed a two-headed ogre
  7333 | D:8      | Reached XP level 10. HP: 53/94 MP: 9/9
  7345 | D:8      | HP: 4/94 [two-headed ogre/+0 giant club (19)]
  7362 | D:8      | Killed a two-headed ogre
  7362 | D:8      | Reached *** piety under Makhleb
  7362 | D:8      | Reached skill level 14 in Axes
  7620 | D:8      | Found Osadd's General Store.
  7764 | D:8      | Found a blossoming altar of Fedhas.
  8544 | D:9      | Found a staircase to the Orcish Mines.
  9040 | D:9      | Reached **** piety under Makhleb
  9226 | D:10     | Entered Level 10 of the Dungeon
  9339 | D:10     | Reached skill level 5 in Shields
  9461 | D:10     | Noticed Sonja
  9470 | D:10     | Noticed Maurice
  9487 | D:10     | Killed Maurice
  9557 | D:10     | Reached skill level 15 in Axes
  9635 | D:10     | Noticed Urug
  9786 | D:10     | Killed Urug
  9786 | D:10     | Reached skill level 1 in Invocations
 10032 | D:10     | Noticed Erica
 10063 | D:10     | Killed Erica
 10063 | D:10     | Reached XP level 11. HP: 47/104 MP: 9/11
 10516 | D:10     | Found a staircase to the Lair.
 10846 | Lair:1   | Entered Level 1 of the Lair of Beasts
 10876 | Lair:1   | Noticed Harold
 10913 | Lair:1   | Killed Harold
 11142 | Lair:1   | Found a frozen archway.
 11161 | Lair:1   | Reached skill level 16 in Axes
 11263 | Lair:1   | Noticed Gastronok
 11279 | Lair:1   | Killed Gastronok
 11810 | Lair:1   | Reached skill level 5 in Armour
 11918 | Lair:2   | Noticed a six-headed hydra
 11927 | Lair:2   | Killed a seven-headed hydra
 11927 | Lair:2   | Reached XP level 12. HP: 90/113 MP: 14/14
 12140 | Lair:2   | Noticed Fannar
 12145 | Lair:2   | Reached ***** piety under Makhleb
 12236 | Lair:2   | Killed Fannar
 12236 | Lair:2   | Reached skill level 5 in Invocations
 12534 | Lair:2   | Found a hole to the Spider Nest.
 12546 | Lair:2   | Reached skill level 17 in Axes
 13248 | Lair:3   | Found a staircase to the Shoals.
 14283 | Lair:4   | Reached XP level 13. HP: 122/122 MP: 16/16
 14661 | Lair:4   | Reached skill level 10 in Shields
 14922 | Lair:4   | Identified a scroll of acquirement
 14925 | Lair:4   | Got an ancient hand axe
 15077 | Lair:4   | Identified the +8 hand axe "Laosypur" {chop, +Rage rElec
                  | Dex+4} (You acquired it on level 4 of the Lair of Beasts)
 15704 | Lair:5   | Reached skill level 18 in Axes
 16085 | Lair:5   | Noticed Jeban's ghost (journeyman OpFi)
 16109 | Lair:5   | Found a runed translucent gate.
 16109 | Lair:5   | Found a runed translucent gate.
 16109 | Lair:5   | Found a runed translucent gate.
 16457 | Lair:6   | Entered Level 6 of the Lair of Beasts
 16498 | Lair:6   | Reached ****** piety under Makhleb
 16518 | Lair:6   | Found a staircase to the Slime Pits.
 16806 | Lair:6   | Reached XP level 14. HP: 133/133 MP: 19/19
 17366 | Lair:6   | Reached skill level 15 in Fighting
 17632 | Lair:6   | Found a runed translucent door.
 17675 | Lair:6   | Paralysed by a hornet for 2 turns
 17724 | Lair:6   | Paralysed by a hornet for 3 turns
 17934 | Lair:6   | Paralysed by a floating eye for 4 turns
 17940 | Lair:6   | Paralysed by a floating eye for 4 turns
 18700 | D:11     | Reached skill level 19 in Axes
 18966 | D:11     | Reached skill level 10 in Invocations
 19125 | D:11     | Found Yhusuf's Book Shop.
 20633 | D:14     | Reached XP level 15. HP: 143/143 MP: 21/21
 20707 | D:14     | Found a white marble altar of Elyvilon.
 20825 | D:14     | Noticed Frances
 20847 | D:14     | Killed Frances
 20927 | D:14     | Found a portal to a secret trove of treasure.
 21185 | D:14     | Found a gate to the Vaults.
 21185 | D:14     | Noticed Nessos
 21219 | D:14     | Gained mutation: Your mind is acute. (Int +2) [a cacodemon]
 21243 | D:14     | Killed Nessos
 21447 | D:14     | Noticed Snorg
 21463 | D:14     | Killed Snorg
 21641 | D:15     | Entered Level 15 of the Dungeon
 21814 | D:15     | Found a glowing golden altar of the Shining One.
 22004 | D:15     | Paralysed by a hornet for 2 turns
 22624 | D:15     | Found a staircase to the Depths.
 22891 | D:10     | Killed Sonja
 23174 | Spider:1 | Entered Level 1 of the Spider Nest
 23387 | Spider:1 | Noticed Kirke
 23762 | Spider:1 | Noticed a sphinx
 23775 | Lair:2   | Killed Kirke
 24951 | Spider:2 | Noticed Arachne
 24980 | Spider:2 | Killed Arachne
 25022 | Spider:2 | Reached skill level 20 in Axes
 25044 | Spider:2 | Reached XP level 16. HP: 155/155 MP: 23/23
 25053 | Spider:2 | Noticed Asterion
 25125 | Spider:2 | Killed Asterion
 25632 | Spider:2 | Noticed Donald
 25651 | Spider:2 | HP: 6/155 [Donald/+0 broad axe of chopping (17)]
 25651 | Spider:2 | HP: 2/155 [Donald/+0 broad axe of chopping (4)]
 25654 | Spider:2 | Killed from afar by a blizzard demon

Skill      XL: |  1  2  3  4  5  6  7  8  9 10 11 12 13 14 15 |
---------------+----------------------------------------------+-----
Axes           | 3 4 5 6 7 9 11 13 15 16 17 18 19 20 | 20.1
Fighting       | 4 5 6 7 9 10 11 12 13 14 15 17 | 17.2
Shields        | 6 7 9 11 13 14 | 14.8
Invocations    | 1 4 6 8 10 11 | 11.9
Armour         | 5 6 |  6.1

Action                   |  1- 3 |  4- 6 |  7- 9 | 10-12 | 13-15 | 16-18 || total
-------------------------+-------+-------+-------+-------+-------+-------++-------
Melee: War axe           |    98 |   132 |   278 |   734 |    38 |       ||  1280
       Headbutt          |    17 |    26 |    44 |   178 |   387 |    17 ||   669
       Hand axe          |       |       |       |       |  1273 |    44 ||  1317
       Unarmed           |       |       |       |       |     7 |       ||     7
       Broad axe         |       |       |       |       |       |    16 ||    16
 Fire: Fustibalus        |       |       |       |     8 |       |       ||     8
Invok: Lesser Servant of |       |       |       |     3 |     7 |     2 ||    12
       Greater Servant o |       |       |       |       |     3 |     3 ||     6
 Abil: Evoke Berserk Rag |       |       |       |       |     2 |       ||     2
Evoke: Wand              |       |       |       |     3 |     2 |       ||     5
  Use: Scroll            |       |       |     2 |    18 |    25 |    12 ||    57
       Potion            |       |       |       |     1 |     4 |     4 ||     9
 Stab: Paralysed         |       |       |       |     4 |       |       ||     4
       Confused          |       |       |       |     3 |       |       ||     3
       Petrifying        |       |       |       |       |     3 |       ||     3
       Petrified         |       |       |       |       |     4 |       ||     4
       Distracted        |       |       |       |       |     3 |       ||     3
       Held in net/web   |       |       |       |       |     1 |       ||     1
  Eat: Chunk             |     2 |     4 |     3 |    18 |     8 |     2 ||    37
       Ration            |       |     1 |     3 |     1 |     8 |       ||    13
Armor: Scale mail        |    46 |    52 |    17 |       |       |       ||   115
       Chain mail        |       |       |    63 |    91 |       |       ||   154
       Ring mail         |       |       |       |   160 |   183 |       ||   343
       Storm dragon scal |       |       |       |       |   156 |       ||   156
       Plate armour      |       |       |       |       |     5 |       ||     5
       Swamp dragon scal |       |       |       |       |    78 |    39 ||   117
Dodge: Dodged            |    28 |    39 |    34 |   163 |   398 |    43 ||   705
Block: Shield            |    54 |    64 |   100 |   359 |   764 |    57 ||  1398
       Reflection        |       |       |       |       |    17 |       ||    17
